 Dungeon Crawl Stone Soup version 0.19-b1-3-g7dea586 (webtiles) character file.

242 Mesmaeker13 the Conjurer (level 5, -4/31 HPs)
             Began as a High Elf Conjurer on Oct 28, 2016.
             Shot with an arrow by a centaur (13 damage)
             ... on level 4 of the Dungeon.
             The game lasted 00:08:26 (3202 turns).

Mesmaeker13 the Conjurer (High Elf Conjurer)        Turns: 3202, Time: 00:08:27

Health: -4/31      AC:  6    Str:  7    XL:     5   Next: 81%
Magic:  7/13       EV: 13    Int: 20    God:
Gold:   205        SH:  0    Dex: 18    Spells: 4 memorised, 4 levels left

rFire  . . .     SeeInvis .     f - -3 dagger (curse)
rCold  . . .     Gourm    .     a - +0 robe
rNeg   . . .     Faith    .     (no shield)
rPois  .         Spirit   .     B - +0 helmet
rElec  .         Reflect  .     (no cloak)
rCorr  +         Harm     .     u - +2 pair of gloves {Dex+3}
MR     .....                    (no boots)
Stlth  ++........               v - amulet of inaccuracy (curse)
                                (no ring)
                                e - ring of resist corrosion

@: no status effects
A: no striking features
a: no special abilities


You were on level 4 of the Dungeon.
You were not hungry.

You visited 1 branch of the dungeon, and saw 4 of its levels.

You collected 205 gold pieces.

Inventory:

Hand Weapons
 f - a cursed -3 dagger (weapon)
 j - a +0 dagger
 x - a +0 dagger of speed
 z - the +9 mace "Pirpho Onocu" {crush, *Corrode Str+3 Int+3, unknown}
   (You found it on level 4 of the Dungeon)

   It inflicts extra damage upon your enemies.
   It affects your strength (+3).
   It affects your intelligence (+3).
   It may corrode you when you take damage.
Armour
 a - a +0 robe (worn)
 u - a +2 pair of gloves of dexterity (worn)
 B - a +0 helmet (worn)
Magical Staves
 y - an uncursed staff of power {unknown}
Jewellery
 e - a ring of resist corrosion (left hand)
 v - a cursed amulet of inaccuracy (around neck)
Scrolls
 g - a scroll of enchant armour
 h - a scroll of fog
 k - 2 scrolls of magic mapping
 n - 2 scrolls of recharging
 t - a scroll of fear {unknown}
Potions
 l - a potion of flight {unknown}
 m - 5 potions of heal wounds
 o - a potion of curing {unknown}
 q - 3 potions of cancellation {unknown}
 r - a potion of degeneration {unknown}
 s - a potion of resistance {unknown}
 w - 2 potions of ambrosia {unknown}
 A - a potion of might {unknown}
Books
 b - a book of Conjurations

   Spells                             Type                      Level
   a - Magic Dart                     Conjuration                  1
   b - Searing Ray                    Conjuration                  2
   c - Dazzling Spray                 Conjuration/Hexes            3
   d - Fulminant Prism                Conjuration/Hexes            4
   e - Iskenderun's Mystic Blast      Conjuration                  4
   f - Iskenderun's Battlesphere      Conjuration/Charms           5
Comestibles
 c - 2 bread rations
 d - 2 beef jerkies
 i - 5 meat rations
 p - 2 fruits


   Skills:
 - Level 2.1 Dodging
 - Level 2.1 Stealth
 + Level 5.2 Spellcasting
 + Level 6.2 Conjurations


You had 4 spell levels left.
You knew the following spells:

 Your Spells              Type           Power        Failure   Level  Hunger
a - Magic Dart            Conj           ####         1%          1    None
b - Searing Ray           Conj           ####..       1%          2    None
c - Dazzling Spray        Conj/Hex       ###...       12%         3    ##.....
d - Iskenderun's Mystic   Conj           ####....     10%         4    ####...


Dungeon Overview and Level Annotations

Branches:
Dungeon (4/15)
 Temple: D:4-7

Altars:
Fedhas
Uskayaw
Zin


Message History

All of the chunks of flesh in your inventory have rotted away.
You start resting.
A centaur is nearby!
Casting: Searing Ray
Confirm with . or Enter, or press ? or * to list all spells.
Aiming: Dazzling Spray
Press: ? - help, Shift-Dir - straight line, f - centaur
Aim: a centaur, wearing a robe The spray of energy hits the centaur.
The centaur is moderately wounded.
The centaur wields a shortbow.
The centaur shoots an arrow.
The arrow hits you!
* * * LOW HITPOINT WARNING * * *
Casting: Dazzling Spray
Confirm with . or Enter, or press ? or * to list all spells.
Aiming: Dazzling Spray
Press: ? - help, Shift-Dir - straight line, f/p - centaur
Aim: a centaur, wielding a shortbow and wearing a robe (moderately wounded)
The spray of energy misses the centaur.
The centaur shoots an arrow.
The arrow misses you.
The centaur shoots an arrow.
The arrow hits you!
You die... ##...........(....PP #...........###..PPPP #..#######.## .PPcP # #..# #.# .P.P.P# #..# #.## #.PPPcP

#..# ####.###.......
##..#####...........#
..........###(.(##.#.#
#...#####.......@..#
#...#####.####.###.#
.......... ...# #
.......### #####
.#.###.... .#.# ####
.#.# .#.# .#.####


You could see a centaur.

Vanquished Creatures
  A howler monkey (D:4)
  2 orc priests (D:3)
  A hound (D:4)
  2 adders (D:2)
  3 oozes (D:3)
  2 worms (D:2)
  2 dart slugs (D:1)
  2 leopard geckos (D:2)
  6 orcs
  5 giant cockroaches
  9 goblins
  8 hobgoblins
  3 ball pythons
  7 bats
  6 frilled lizards
  6 kobolds
  5 rats
70 creatures vanquished.

Notes
Turn   | Place    | Note
-------+----------+-------------------------------------------
     0 | D:1      | Mesmaeker13 the High Elf Conjurer began the quest for the Orb.
     0 | D:1      | Reached XP level 1. HP: 11/11 MP: 4/4
   443 | D:1      | Reached XP level 2. HP: 17/17 MP: 3/6
  1068 | D:2      | Reached XP level 3. HP: 21/21 MP: 2/9
  1096 | D:2      | Learned a level 2 spell: Searing Ray
  1114 | D:2      | Reached skill level 5 in Conjurations
  1718 | D:2      | Reached XP level 4. HP: 27/27 MP: 5/10
  2148 | D:3      | Found a glowing silver altar of Zin.
  2148 | D:3      | Found a hide-covered altar of Uskayaw.
  2209 | D:3      | Learned a level 3 spell: Dazzling Spray
  2587 | D:3      | Reached XP level 5. HP: 31/31 MP: 8/12
  2860 | D:4      | Got a smoking mace
  2899 | D:4      | Learned a level 4 spell: Iskenderun's Mystic Blast
  2919 | D:4      | Reached skill level 5 in Spellcasting
  2919 | D:4      | Reached skill level 6 in Conjurations
  2979 | D:4      | Noticed a centaur
  3103 | D:4      | Found a blossoming altar of Fedhas.
  3202 | D:4      | Shot with an arrow by a centaur

Skill      XL: |  1  2  3  4  5 |
---------------+----------------+-----
Spellcasting   | 3 4 5 |  5.2
Conjurations   | 5 6 |  6.2
Dodging        | |  2.1
Stealth        | |  2.1

Action                   |  1- 3 |  4- 6 || total
-------------------------+-------+-------++-------
Melee: Dagger            |    46 |    33 ||    79
 Cast: Magic Dart        |    65 |    63 ||   128
       Searing Ray       |     5 |     7 ||    12
       Dazzling Spray    |       |     2 ||     2
  Use: Scroll            |     5 |     2 ||     7
 Stab: Sleeping          |     1 |       ||     1
  Eat: Chunk             |     2 |     5 ||     7
Armor: Robe              |    18 |     8 ||    26
Dodge: Dodged            |    35 |    50 ||    85
